 Dungeon Crawl Stone Soup version 0.30-a0-639-g3916f1956a (webtiles) character file.

Game seed: 10029473338782074481

154217 drugrobin the Wrestler (level 16, -20/139 HPs)
             Began as a Demigod Delver on Jan 17, 2023.
             Shot with a bolt by a naga sharpshooter (29 damage)
             ... led by Vashnia
             ... on level 4 of the Snake Pit.
             The game lasted 02:01:15 (39007 turns).

drugrobin the Wrestler (Demigod Delver)            Turns: 39007, Time: 02:01:15

Health: -20/139    AC: 10    Str: 21    XL:     16   Next: 51%
Magic:  9/19       EV: 19    Int: 23    God:
Gold:   245        SH:  5    Dex: 19    Spells: 2/15 levels left

rFire   . . .      SeeInvis .      - Unarmed
rCold   . . .      Faith    .    (shield currently unavailable)
rNeg    . . .      Spirit   .    Y - +0 troll leather armour
rPois   +          Reflect  +    E - +1 helmet
rElec   .          Harm     .    u - +0 cloak
rCorr   .          Rampage  .    (gloves currently unavailable)
Will    ++...                    t - +2 pair of boots
Stlth   +++                      e - amulet of reflection
HPRegen 1.23/turn                i - +5 ring of evasion
MPRegen 0.16/turn                C - ring of Grace {rPois Will+ Int+3}

@: lethally poisoned (-20 -> -21), blade hands, constricted
A: high MP 1, forlorn, divine attributes
a: End Transformation


You were on level 4 of the Snake Pit.
You had blades for hands.
You visited 4 branches of the dungeon, and saw 26 of its levels.
You visited 1 bazaar.
You also visited: Ossuary.

You collected 3211 gold pieces.
You spent 2966 gold pieces at shops.

Inventory:

Hand Weapons
 b - the +5 sling of Jaewui {freeze, rElec Str+3}
   (You bought it in a shop on level 2 of the Snake Pit)

   Str:       It affects your strength (+3).
   rElec:     It insulates you from electricity.
Missiles
 x - a throwing net
 H - 3 silver boomerangs (quivered)
 X - 9 curare-tipped darts
Armour
 n - an orb of wrath
 s - an orb of mayhem
 t - a +2 pair of boots (worn)
 u - a +0 cloak (worn)
 E - a +1 helmet (worn)
 I - a +2 buckler of cold resistance (melded)
 W - a +0 pair of gloves (melded)
 Y - a +0 troll leather armour (worn)
Jewellery
 a - the ring of the Good {rC+ Will+ Str+2 Int+2}
   (You bought it in a shop in a bazaar)

   [ring of protection from cold]

   Str:       It affects your strength (+2).
   Int:       It affects your intelligence (+2).
   rC:        It protects you from cold.
   Will:      It increases your willpower.
 e - an amulet of reflection (around neck)
 g - a ring of see invisible
 h - a ring of resist corrosion
 i - a +5 ring of evasion (left blade hand)
 q - a ring of fire
 C - the ring of Grace (right blade hand) {rPois Will+ Int+3}
   (You took it off an orc on level 5 of the Dungeon)

   [ring of willpower]

   Int:       It affects your intelligence (+3).
   rPois:     It protects you from poison.
   Will:      It increases your willpower.
 F - a ring of wizardry
Wands
 f - a wand of digging (2)
 B - a wand of paralysis (13)
 L - a wand of iceblast (4)
 O - a wand of acid (23)
 U - a wand of polymorph (10)
Scrolls
 d - 7 scrolls of blinking
 p - 19 scrolls of teleportation
 r - 2 scrolls of fog
 y - 5 scrolls of magic mapping
 z - 3 scrolls of poison
 A - 3 scrolls of silence
 G - 4 scrolls of butterflies
 J - 6 scrolls of fear
 M - 5 scrolls of immolation
 T - 5 scrolls of vulnerability
Potions
 c - 6 potions of might
 j - 3 potions of haste
 k - 12 potions of ambrosia
 l - 18 potions of curing
 m - 3 potions of berserk rage
 v - 3 potions of cancellation
 K - 13 potions of heal wounds
 N - 4 potions of attraction
 P - 3 potions of invisibility
 Q - 5 potions of lignification
 R - 4 potions of resistance
Miscellaneous
 o - a phial of floods
 w - a tin of tremorstones (2/2)
 D - a condenser vane
 S - a piece from Xom's chessboard (14/15)
 V - a box of beasts


   Skills:
 - Level 12.0 Fighting
 - Level 8.0 Dodging
 - Level 4.5 Stealth
 + Level 21.3 Unarmed Combat
 - Level 8.0 Transmutations
 * Level 10.9 Earth Magic
 - Level 2.0 Evocations


You had 2 spell levels left.
You knew the following spells:

 Your Spells              Type           Power      Damage    Failure   Level
a - Blade Hands           Tmut           18%        N/A       61%         5
b - Blink                 Tloc           0%         N/A       69%         2
c - Sting                 Tmut/Pois      72%        1d6       28%         1
d - Foxfire               Conj/Fire      0%         2x1d4     61%         1
e - Petrify               Tmut/Erth      43%        N/A       28%         4

Your spell library contained the following spells:

 Spells                   Type           Power      Damage    Failure   Level
 Kiss of Death            Conj/Necr      0%         2d5       61%         1
 Shock                    Conj/Air       0%         1d3       61%         1
 Lesser Beckoning         Tloc           0%         N/A       69%         2
 Momentum Strike          Conj/Tloc      0%         3d8       69%         2
 Poisonous Vapours        Pois/Air       0%         N/A       69%         2
 Scorch                   Fire           0%         2d5       69%         2
 Searing Ray              Conj           0%         2d4       69%         2
 Static Discharge         Conj/Air       0%         2-2/arc   69%         2
 Lee's Rapid Deconstruct  Erth           25%        3d14*     34%         5
 Ignite Poison            Fire/Tmut/Pois 12%        N/A       61%         3
 Leda's Liquefaction      Hex/Erth       12%        N/A       61%         4
 Confusing Touch          Hex            0%         N/A       86%         3
 Dazzling Flash           Conj/Hex       0%         N/A       86%         3
 Gell's Gravitas          Tloc           0%         N/A       86%         3
 Inner Flame              Hex/Fire       0%         N/A       86%         3
 Portal Projectile        Hex/Tloc       0%         N/A       86%         3
 Swiftness                Air            0%         N/A       86%         3
 Teleport Other           Tloc           0%         N/A       86%         3
 Tukima's Dance           Hex            0%         N/A       86%         3
 Statue Form              Tmut/Erth      28%        N/A       87%         6
 Airstrike                Air            0%         2d(0-16)  99%         4
 Cause Fear               Hex            0%         N/A       99%         4
 Dispel Undead            Necr           0%         3d6       99%         4
 Flame Wave               Conj/Fire      0%         2d4       99%         4
 Iskenderun's Mystic Bla  Conj/Tloc      0%         2d3       99%         4
 Manifold Assault         Tloc           0%         N/A       99%         4
 Olgreb's Toxic Radiance  Pois           0%         N/A       99%         4
 Sticky Flame             Conj/Fire      0%         2d3       99%         4
 Summon Lightning Spire   Summ/Air       0%         N/A       99%         4
 Agony                    Necr           0%         N/A       100%        5
 Fireball                 Conj/Fire      0%         3d3       100%        5
 Metabolic Englaciation   Hex/Ice        0%         N/A       100%        5
 Silence                  Hex/Air        0%         N/A       100%        5
 Conjure Ball Lightning   Conj/Air       0%         3x3d6     100%        6
 Dispersal                Tloc           0%         N/A       100%        6
 Starburst                Conj/Fire      0%         6d3       100%        6
 Summon Cactus Giant      Summ           0%         N/A       100%        6
 Malign Gateway           Summ/Tloc      0%         N/A       100%        7
 Storm Form               Tmut/Air       9%         N/A       100%        7
 Discord                  Hex            0%         N/A       100%        8
 Disjunction              Tloc           0%         N/A       100%        8
 Ignition                 Fire           0%         3d3       100%        8
 Maxwell's Capacitive Co  Air            0%         ∞         100%        8
 Summon Horrible Things   Summ           0%         N/A       100%        8
 Chain Lightning          Conj/Air       0%         N/A       100%        9
 Fire Storm               Conj/Fire      0%         5d1       100%        9
 Shatter                  Erth           25%        3d21*     100%        9


Dungeon Overview and Level Annotations

Branches:
Dungeon (15/15)            Temple (0/1) D:7            Lair (5/5) D:8
  Swamp (0/4) Lair:3        Snake (4/4) Lair:3        Slime (0/5) Lair:4
    Orc (2/2) D:9             Elf (0/3) Orc:2        Vaults (0/5) D:13
 Depths (0/4) D:15        Ossuary (visited)

Shops:
D:7 ?[!::   Orc:1 !   Orc:2 (([!   Snake:1 !?=   Snake:2 (:(   Snake:3 =

Portals:
Abyss: Lair:5

Annotations:
D:15 3 runed translucent doors, Huipt's ghost, journeyman DEFE
Lair:1 exclusion: downstairs
Snake:4 Vashnia


Innate Abilities, Weirdness & Mutations

You have blades for hands.
Your spellcasting is less reliable in this form.
You are incapable of wielding weapons or throwing items.
You have an increased reservoir of magic. (+10% MP)
You shall have no god before yourself.
Your divine heritage dramatically boosts your attributes as you level up.


Message History

Unknown command.
Unknown command.
Unknown command.
You closely miss Vashnia.
Vashnia is severely wounded.
The naga sharpshooter shoots a bolt.
You reflect the bolt off an invisible shield around you!
The bolt barely misses the naga sharpshooter.
A naga comes into view. It is wielding a +0 trident.
The naga ritualist mumbles some strange prayers to its god.
The naga ritualist begins to radiate toxic energy.
Unknown command.
Unknown command.
Unknown command.
Unknown command.
Unknown command.
You closely miss Vashnia. You slash Vashnia.
Vashnia is severely wounded.
You are poisoned.
Vashnia unwields a +0 longbow of freezing.
Vashnia wields a +1 halberd of pain.
You block Vashnia's attack. Vashnia grabs you. Vashnia constricts you.
* * * LOW HITPOINT WARNING * * *
The naga sharpshooter mumbles some strange words.
The naga sharpshooter magically shoots a bolt.
The bolt hits you!!
* * * LOW HITPOINT WARNING * * *
Unknown command.
Unknown command.
Unknown command.
Unknown command.
Blink to where?
Press: ? - help, Dir - move target Vashnia's grasp on you weakens, but your attempt to escape fails.
As you read the scroll of blinking, it crumbles to dust.
You feel sick.
* * * LOW HITPOINT WARNING * * *
A naga comes into view. It is wielding a +0 battleaxe.
The naga sharpshooter shoots a bolt.
The bolt hits you!!
You die... ...# N..# N).
N.# NS# ## NN#

.. ###N# #
#.@.# # ##.###
# #..# ## #N##
.# ##.# .#
#########..# .#
##.........##
.###.)#########
.##..##


You could see Vashnia, 2 naga sharpshooters, a naga ritualist (toxic aura), a
black mamba and 4 nagas.

Vanquished Creatures
  Jorgrun (Snake:2)
  Gastronok (Orc:1)
  Agnes (D:13)
  2 nagarajas
  2 orc warlords (Orc:1)
  The ghost of Depoub the Warrior, a journeyman OgIE of Okawaru (Lair:4)
  2 ettins
  Josephine (D:14)
  A yaktaur captain (D:13)
  A rakshasa (D:15)
  A salamander tyrant (Snake:2)
  5 hydras
  5 ogre magi
  18 two-headed ogres
  5 centaur warriors
  8 anacondas
  A death knight (D:13)
  A boulder beetle (D:12)
  14 naga warriors
  3 catoblepae
  4 tengu warriors
  12 death yaks
  3 thrashing horrors (Lair:5)
  8 naga sharpshooters
  4 shock serpents
  A hell knight (D:15)
  4 salamander mystics
  2 deep trolls (D:15)
  5 naga ritualists
  A wizard (D:15)
  2 deep elf pyromancers (D:15)
  4 orc knights
  A necromancer (D:15)
  3 phantasmal warriors (Snake:2)
  A deep elf zephyrmancer (D:11)
  3 orc sorcerers (Orc:2)
  4 manticores
  A large abomination (Lair:5)
  6 mana vipers
  5 ugly things
  6 salamanders
  3 cyclopes
  3 oklob plants
  4 guardian serpents
  30 black mambas
  A torpor snail (Lair:3)
  11 naga magi
  2 smoke demons (Lair:5)
  11 cane toads
  Maggie (Lair:2)
  3 gargoyles
  6 rime drakes
  A kobold demonologist (D:13)
  8 komodo dragons
  3 polar bears
  3 ancient zymes (Lair:5)
  6 yaktaurs
  5 trolls
  A tyrant leech (Lair:3)
  Grinder (D:4)
  A polar bear (shapeshifter) (D:10)
  29 blink frogs
  A centaur simulacrum (D:14)
  A jumping spider (shapeshifter) (Lair:5)
  A culicivora (Orc:2)
  2 ynoxinuls (Lair:5)
  11 slime creatures
  A spriggan (Orc:2)
  59 yaks
  3 vampires
  6 wraiths
  6 wyverns
  8 basilisks
  5 vampire mosquitoes (D:12)
  A chaos spawn (Lair:4)
  4 steam dragons
  4 wargs
  The ghost of bande the Covered, an amateur GrFi (D:5)
  39 nagas
  9 water moccasins
  31 orc warriors
  A black bear (shapeshifter) (D:12)
  2 sky beasts
  A black bear (D:8)
  11 wolves
  28 ogres
  11 centaurs
  Blork the orc (D:5)
  3 kobold brigands
  An elf zombie (Ossuary)
  2 necrophages
  9 small abominations (Lair:5)
  16 bullfrogs
  2 scorpions (D:5)
  2 gnoll sergeants
  7 killer bees
  4 howler monkeys
  5 electric eels
  2 centaur zombies (Ossuary)
  3 human zombies (Ossuary)
  12 orc priests
  4 hounds
  3 jellies
  2 iguanas
  20 orc wizards
  2 hound zombies (Ossuary)
  3 mummies (Ossuary)
  11 gnolls
  4 adders
  A white imp (D:6)
  An ufetubus (D:4)
  3 adder zombies (Ossuary)
  A worm (D:4)
  6 dart slugs (D:5)
  100 orcs
  11 endoplasms
  5 giant cockroaches
  A gnoll zombie (Ossuary)
  9 goblins
  7 hobgoblins
  10 jackals
  2 quokkas
  4 ball pythons
  8 bats
  A frilled lizard (D:3)
  A goblin zombie (Ossuary)
  8 hobgoblin zombies (Ossuary)
  2 jackal zombies (Ossuary)
  22 kobolds
  7 kobold zombies (Ossuary)
  3 orc zombies (Ossuary)
  3 quokka zombies (Ossuary)
  3 rats
871 creatures vanquished.

Vanquished Creatures (others)
  3 orcs
  5 bushes (Lair:5)
  11 foxfires
  37 fungi
  51 plants
107 creatures vanquished.

Grand Total: 978 creatures vanquished

Notes
Turn   | Place    | Note
-------+----------+-------------------------------------------
     0 | D:5      | drugrobin the Demigod Delver began the quest for the Orb.
     0 | D:5      | Reached XP level 1. HP: 18/18 MP: 3/3
    20 | D:5      | Reached skill level 2 in Unarmed Combat
    34 | D:5      | Noticed a hound
    48 | D:5      | Noticed an orc wizard
    48 | D:5      | Noticed an orc wizard
    49 | D:5      | Noticed an orc wizard
    50 | D:5      | Noticed an orc wizard
    50 | D:5      | Noticed an orc wizard
    68 | D:5      | Noticed a scorpion
   243 | D:6      | Noticed a bullfrog
   283 | D:6      | Noticed a necrophage
   291 | D:6      | Noticed a water moccasin
   380 | D:4      | Found a large runed translucent door.
   380 | D:4      | Found a large runed translucent door.
   380 | D:4      | Noticed a jelly
   442 | D:5      | Reached XP level 2. HP: 18/25 MP: 4/4
   485 | D:5      | Reached skill level 3 in Unarmed Combat
   509 | D:5      | Identified the ring of Grace {rPois Will+ Int+3}
   559 | D:4      | Noticed Grinder
   609 | D:4      | Found a sand-covered staircase.
   618 | Ossuary  | Entered an ossuary
   646 | Ossuary  | Reached XP level 3. HP: 28/30 MP: 5/5
   672 | Ossuary  | Reached skill level 4 in Unarmed Combat
   774 | Ossuary  | Reached XP level 4. HP: 29/37 MP: 6/6
   991 | Ossuary  | Reached skill level 5 in Unarmed Combat
   991 | Ossuary  | Reached XP level 5. HP: 27/42 MP: 7/7
  1261 | Ossuary  | Reached skill level 6 in Unarmed Combat
  1299 | Ossuary  | Reached XP level 6. HP: 35/50 MP: 8/8
  1910 | D:1      | Learned a level 5 spell: Blade Hands
  3857 | D:4      | Reached skill level 1 in Transmutations
  4111 | D:4      | Killed Grinder
  4112 | D:4      | Reached skill level 7 in Unarmed Combat
  4112 | D:4      | Reached skill level 1 in Evocations
  4112 | D:4      | Reached XP level 7. HP: 56/56 MP: 9/9
  4574 | D:5      | Noticed Blork the orc
  5015 | D:5      | Found a runed translucent gate.
  5015 | D:5      | Found a runed translucent gate.
  5016 | D:5      | Found a runed translucent gate.
  5016 | D:5      | Noticed bande's ghost (amateur GrFi)
  5227 | D:5      | Killed Blork the orc
  5228 | D:5      | Reached skill level 8 in Unarmed Combat
  5534 | D:5      | Reached XP level 8. HP: 62/62 MP: 10/10
  5971 | D:6      | Learned a level 2 spell: Blink
  6227 | D:7      | Found Yrocheriss's Book Boutique.
  6364 | D:7      | Reached skill level 9 in Unarmed Combat
  6422 | D:7      | Found Loij's Distillery.
  6423 | D:7      | Noticed a hornet
  6424 | D:7      | a hornet changed into a rime drake
  6424 | D:7      | Noticed a rime drake
  6448 | D:7      | Killed a rime drake
  6468 | D:7      | Found Zuffo's Armour Emporium.
  6511 | D:7      | Bought a potion of degeneration for 13 gold pieces
  6511 | D:7      | Bought a potion of heal wounds for 65 gold pieces
  6511 | D:7      | Bought a potion of curing for 39 gold pieces
  6511 | D:7      | Bought a potion of ambrosia for 104 gold pieces
  6511 | D:7      | Bought a potion of might for 52 gold pieces
  6543 | D:7      | Found Tis Poly's Book Shoppe.
  6783 | D:7      | Found Hiut Xox's Magic Scroll Emporium.
  6792 | D:7      | Bought a scroll of teleportation for 33 gold pieces
  6792 | D:7      | Bought a scroll of immolation for 44 gold pieces
  6792 | D:7      | Bought a scroll of identify for 22 gold pieces
  6792 | D:7      | Bought a scroll of brand weapon for 104 gold pieces
  6848 | D:7      | Reached skill level 5 in Transmutations
  6880 | D:7      | Found a staircase to the Ecumenical Temple.
  6953 | D:7      | Reached XP level 9. HP: 68/68 MP: 11/11
  6968 | D:7      | Learned a level 1 spell: Sting
  7034 | D:7      | Noticed an angel
  7040 | D:7      | Noticed a profane servitor
  7298 | D:8      | Reached skill level 10 in Unarmed Combat
  7811 | D:8      | Reached skill level 11 in Unarmed Combat
  8078 | D:8      | Noticed a komodo dragon
  8266 | D:7      | Killed a komodo dragon
  8652 | D:8      | Reached XP level 10. HP: 71/74 MP: 13/13
  8690 | D:8      | Reached skill level 12 in Unarmed Combat
  9242 | D:8      | Found a staircase to the Lair.
  9741 | D:9      | Learned a level 1 spell: Foxfire
  9900 | D:9      | Reached skill level 13 in Unarmed Combat
 10117 | D:9      | Noticed a catoblepas
 10640 | D:9      | Found a staircase to the Orcish Mines.
 11101 | D:10     | Entered Level 10 of the Dungeon
 11573 | D:10     | Identified the +1 chain mail of the Barracuda {Rampage
                  | rPois rC+++ Int-3}
 11889 | D:10     | Reached XP level 11. HP: 81/81 MP: 12/14
 12137 | D:10     | Reached skill level 14 in Unarmed Combat
 12516 | D:11     | Noticed a two-headed ogre
 12578 | D:11     | Noticed a deep elf zephyrmancer
 12580 | D:11     | Noticed a tengu warrior
 12582 | D:11     | Found a runed translucent door.
 12588 | D:11     | Noticed an orc knight
 12589 | D:11     | Noticed a centaur warrior
 12726 | Lair:1   | Entered Level 1 of the Lair of Beasts
 12958 | Lair:1   | Noticed a catoblepas
 12996 | Lair:1   | Noticed a death yak
 12996 | Lair:1   | Noticed a death yak
 12997 | Lair:1   | Noticed a death yak
 13154 | Lair:1   | Killed a catoblepas
 13527 | D:8      | Killed a death yak
 13577 | Lair:1   | Killed a death yak
 13581 | Lair:1   | Killed a death yak
 13582 | Lair:1   | Reached skill level 15 in Unarmed Combat
 14214 | Lair:1   | Reached skill level 5 in Fighting
 14426 | Lair:2   | Noticed Maggie
 15229 | Lair:2   | Noticed a four-headed hydra
 15314 | Lair:2   | Killed a four-headed hydra
 15315 | Lair:2   | Reached XP level 12. HP: 72/96 MP: 15/15
 15731 | Lair:2   | Noticed a five-headed hydra
 15740 | Lair:2   | Killed a five-headed hydra
 15741 | Lair:2   | Reached skill level 16 in Unarmed Combat
 16741 | Lair:3   | Found a staircase to the Swamp.
 17077 | Lair:3   | Found a staircase to the Snake Pit.
 18040 | Lair:4   | Found a staircase to the Slime Pits.
 18306 | Lair:4   | Reached skill level 17 in Unarmed Combat
 18407 | Lair:4   | HP: 3/101 [death yak (21)]
 18794 | Lair:4   | Found a runed translucent gate.
 18794 | Lair:4   | Found a runed translucent gate.
 18794 | Lair:4   | Found a runed translucent gate.
 19579 | Lair:4   | Noticed Depoub's ghost (journeyman OgIE)
 19608 | Lair:5   | Entered Level 5 of the Lair of Beasts
 19612 | Lair:5   | Noticed an eight-headed hydra
 19628 | Lair:5   | Killed an eight-headed hydra
 20236 | Lair:5   | Reached XP level 13. HP: 103/108 MP: 10/16
 20925 | Lair:5   | Reached skill level 18 in Unarmed Combat
 23035 | Lair:5   | Found a one-way gate to the infinite horrors of the Abyss.
 23062 | Lair:5   | Reached skill level 10 in Fighting
 23235 | Lair:5   | Identified the ring of Vootyusu {*Corrode rPois Str+5}
 23450 | Lair:2   | Killed Maggie
 23458 | Lair:2   | Identified the +0 scale mail "Gulor" {Harm rF+ rC- Dex+7}
 23704 | D:5      | Killed bande's ghost
 24223 | Orc:1    | Entered Level 1 of the Orcish Mines
 24402 | D:9      | Reached skill level 19 in Unarmed Combat
 25122 | Orc:1    | Noticed Gastronok
 25185 | Orc:1    | Killed Gastronok
 25186 | Orc:1    | Reached XP level 14. HP: 108/122 MP: 14/17
 25224 | Orc:1    | Found Fuvoofuip's Distillery.
 25233 | Orc:1    | Bought 2 potions of curing for 72 gold pieces
 25233 | Orc:1    | Bought a potion of might for 48 gold pieces
 25233 | Orc:1    | Bought a potion of lignification for 36 gold pieces
 25233 | Orc:1    | Bought a potion of might for 48 gold pieces
 25233 | Orc:1    | Bought a potion of might for 48 gold pieces
 25296 | Orc:2    | Entered Level 2 of the Orcish Mines
 25296 | Orc:2    | Noticed Nessos
 25298 | Orc:2    | Nessos changed into Nessos the culicivora
 25298 | Orc:2    | Noticed Nessos
 25314 | Orc:2    | Killed Nessos the culicivora
 25439 | Orc:2    | Noticed an orc warlord
 25457 | Orc:1    | Killed an orc warlord
 25527 | Orc:2    | Noticed Sonja
 25798 | Orc:2    | Found a staircase to the Elven Halls.
 25799 | Orc:2    | Sonja changed into Sonja the spriggan
 25799 | Orc:2    | Noticed Sonja
 25805 | Orc:2    | Killed Sonja the spriggan
 25879 | Orc:2    | Noticed an orc warlord
 26059 | Orc:1    | Killed an orc warlord
 26719 | Orc:2    | Reached skill level 20 in Unarmed Combat
 26786 | Orc:1    | Learned a level 2 spell: Momentum Strike
 26792 | Orc:1    | Learned a level 4 spell: Petrify
 26850 | Orc:2    | Reached skill level 1 in Earth Magic
 27006 | Orc:2    | Found Gamom's Antique Weapon Shop.
 27006 | Orc:2    | Found Qisukusa's Distillery.
 27007 | Orc:2    | Found Ixiawun's Antique Weapon Emporium.
 27007 | Orc:2    | Found Bixtink's Armour Shop.
 27017 | Orc:2    | Bought a potion of heal wounds for 70 gold pieces
 29216 | D:13     | Found a gate to the Vaults.
 30447 | D:14     | Noticed Agnes
 30533 | D:13     | Killed Agnes
 30993 | D:14     | Noticed Josephine
 31013 | D:14     | Killed Josephine
 31274 | D:14     | Reached XP level 15. HP: 132/132 MP: 12/18
 31626 | D:15     | Entered Level 15 of the Dungeon
 31842 | D:15     | Found a runed translucent gate.
 31842 | D:15     | Found a runed translucent gate.
 31843 | D:15     | Found a runed translucent gate.
 31845 | D:15     | Noticed Huipt's ghost (journeyman DEFE)
 31955 | D:15     | Reached skill level 5 in Earth Magic
 32094 | D:15     | Found a staircase to the Depths.
 32665 | D:15     | Reached skill level 5 in Dodging
 32943 | D:11     | Got More Theurgy
 33242 | Lair:4   | Killed Depoub's ghost
 33341 | Snake:1  | Entered Level 1 of the Snake Pit
 33341 | Snake:1  | Found Majy's Distillery.
 33491 | Snake:1  | Found Jemanic's Jewellery Shoppe.
 33513 | Snake:1  | Found a flickering gateway to a bazaar.
 33550 | Bazaar   | Entered a bazaar
 33554 | Bazaar   | Found Caroovas's Jewellery Boutique.
 33573 | Bazaar   | Found Xadwueh's Antique Weapon Emporium.
 33594 | Bazaar   | Found Ejaeguas's Book Boutique.
 33613 | Bazaar   | Found Copreph's Antique Weapon Shoppe.
 33640 | Bazaar   | Bought the ring of the Good {rC+ Will+ Str+2 Int+2} for 414
                  | gold pieces
 33640 | Bazaar   | Bought an amulet of reflection for 270 gold pieces
 33682 | Snake:1  | Identified the +8 battleaxe of Righteous Fury {distort,
                  | rC+}
 34103 | Snake:1  | Found Teadoes's Magic Scroll Emporium.
 34142 | Snake:1  | Bought a scroll of teleportation for 45 gold pieces
 34142 | Snake:1  | Bought 2 scrolls of teleportation for 90 gold pieces
 34142 | Snake:1  | Bought a scroll of teleportation for 45 gold pieces
 34667 | Snake:1  | Bought a potion of curing for 48 gold pieces
 34721 | Snake:2  | Found Kikhad's Antique Weapon Boutique.
 34726 | Snake:2  | Found Piehigg's Book Shop.
 34777 | Snake:2  | Found Yguosaun's Weapon Boutique.
 34791 | Snake:2  | Bought a runed sling for 148 gold pieces
 34791 | Snake:2  | Bought a glowing sling for 148 gold pieces
 34829 | Snake:2  | Bought the +5 sling of Jaewui {freeze, rElec Str+3} for 960
                  | gold pieces
 35430 | Snake:2  | Noticed a nagaraja
 35519 | Snake:2  | Killed a nagaraja
 35555 | Snake:2  | Reached skill level 21 in Unarmed Combat
 35555 | Snake:2  | Noticed Jorgrun
 35574 | Snake:2  | Killed Jorgrun
 35575 | Snake:2  | Reached XP level 16. HP: 60/139 MP: 6/19
 37250 | Snake:3  | Reached skill level 10 in Earth Magic
 37686 | Snake:3  | Found Qeetsal's Jewellery Shoppe.
 38292 | Snake:4  | Entered Level 4 of the Snake Pit
 38988 | Snake:4  | Noticed Vashnia
 39007 | Snake:4  | Shot with a bolt by a naga sharpshooter

Illustrated notes

Levels and vault maps discovered:
D:1:      minmay_arrival_widening_spiral_narrow, layout_basic
D:2:      layout_rooms, hellmonk_ecumenical_altar_crossroads,
          minmay_pentomino_t2
D:3:      layout_rooms, mainiacjoe_overflow_chevrons, corexii_hall_statues_l
D:4:      layout_basic, jmf_multi_god_temple2, nicolae_ossuary_entry_ruins,
          uniq_grinder
D:5:      kennysheep_slugbush, layout_basic, gammafunk_ghost_nasty_kobolds,
          minivault_4, minmay_a_box_with_orc_wizards_in_it, uniq_blork_the_orc
D:6:      layout_gridville, minmay_fractal_squares_gapless_5
D:7:      layout_rooms, grunt_temple_overflow_holy_war,
          mainiacjoe_overflow_alcove_2, kennysheep_mini_moat,
          minmay_temple_entry_sparse_star, serial_shops, shop,
          nicolae_diamond_shop, nicolae_shop_trees, shop_scrolls,
          shop_fountains, hangedman_decor_clover_reticule, feat_on_display
D:8:      argonaut_augean_stables, layout_basic,
          mainiacjoe_overflow_cross_hatched, erik_lair_dragon
D:9:      layout_long_grid, lemuel_crystal_altar, lemuel_doored_altar,
          david_orc_4
D:10:     layout_irregular_city, minmay_liquid_box
D:11:     layout_rooms, minmay_st_funbox
D:12:     layout_loops_corners, special_room [special_room_orc]
D:13:     layout_layer_cave, david_vaults_2
D:14:     layout_rooms, serial_park_fountain, serial_curves, eino_curves_04,
          eino_curves_03, uniq_agnes, uniq_josephine
D:15:     hangedman_depths_entry_civil_slaughter, layout_gridville,
          gammafunk_ghost_necromancy, elyvilon_altar_5
Lair:1:   layout_hall_layers, grunt_forest_small_clearings, serial_bayou_shore_a
Lair:2:   layout_hall_layers, basic_altar, uniq_maggie
Lair:3:   layout_regular_city, minmay_swamp_entry_worms, dummy_snake_entry,
          hangedman_tree_tricks
Lair:4:   layout_hall_layers, minmay_slime_entry_oklob_open,
          ebering_ghost_rock_garden, minivault_11
Lair:5:   hellmonk_lair_end_abyssal_woods, layout_misc_corridors,
          nicolae_lair_grazing_beasts [nicolae_sub_lair_graze_edge,
          nicolae_sub_lair_graze_edge, nicolae_sub_lair_graze_edge,
          nicolae_sub_lair_graze_edge]
Snake:1:  layout_onion, serial_shops, bzr_entry_safe, shop, shop, shop,
          grunt_megastairs_3
Snake:2:  layout_chambers, nicolae_snake_ghostly_warrior_ritual,
          minmay_shop_star, uniq_jorgrun
Snake:3:  layout_onion, serial_shops, shop
Snake:4:  minmay_snake_end_coiled, layout_misc_corridors, lemuel_fruit_tree,
          uniq_vashnia
Orc:1:    layout_caves, serial_shops, shop, uniq_gastronok
Orc:2:    st_orc_ogre_mass, layout_diamond_mine, special_room, mines1_david,
          uniq_sonja, uniq_nessos

Skill      XL: |  1  2  3  4  5  6  7  8  9 10 11 12 13 14 15 16 |
---------------+-------------------------------------------------+-----
Unarmed Combat | 2 3 4 5 6 7 8 9 11 13 15 17 19 20 21 | 21.3
Transmutations | 1 3 5 6 8 |  8.0
Evocations     | 1 2 |  2.0
Fighting       | 6 8 10 11 12 | 12.0
Earth Magic    | 4 9 10 | 10.9
Dodging        | 3 6 8 |  8.0
Stealth        | |  4.5

Action                   |  1- 3 |  4- 6 |  7- 9 | 10-12 | 13-15 | 16-18 || total
-------------------------+-------+-------+-------+-------+-------+-------++-------
Melee: Unarmed           |   113 |   315 |   282 |   780 |  1241 |   250 ||  2981
       Punch             |     2 |     9 |     5 |     4 |    81 |    31 ||   132
       Morningstar       |       |       |     5 |       |       |       ||     5
       Dagger            |       |       |       |       |     5 |       ||     5
 Fire: Sling             |       |    67 |   185 |   192 |   133 |    45 ||   622
Throw: Dart              |       |       |    21 |    12 |     9 |       ||    42
       Boomerang         |       |       |    12 |    12 |    15 |     1 ||    40
       Throwing net      |       |       |       |       |     1 |       ||     1
 Cast: Sting             |       |       |     9 |    33 |    27 |       ||    69
       Blink             |       |       |     3 |       |     5 |       ||     8
       Blade Hands       |       |       |       |    13 |    79 |    20 ||   112
       Foxfire           |       |       |       |       |     1 |     6 ||     7
       Petrify           |       |       |       |       |    10 |     1 ||    11
Evoke: Wand              |     1 |     3 |    10 |    12 |     9 |       ||    35
       Box of beasts     |       |       |       |     1 |     2 |       ||     3
       Condenser vane    |       |       |       |       |     1 |       ||     1
       Piece from Xom's  |       |       |       |       |       |     2 ||     2
  Use: Scroll            |     2 |       |     1 |    21 |     7 |     1 ||    32
 Stab: Sleeping          |     1 |    14 |     3 |     6 |     1 |       ||    25
       Paralysed         |       |     5 |    12 |       |       |       ||    17
       Distracted        |       |       |       |     3 |     3 |       ||     6
       Petrified         |       |       |       |     1 |     2 |       ||     3
       Petrifying        |       |       |       |       |     1 |     1 ||     2
       Held in net/web   |       |       |       |       |     3 |       ||     3
       Confused          |       |       |       |       |     2 |       ||     2
Armor: Leather armour    |    23 |    47 |    62 |   140 |    87 |       ||   359
       Troll leather arm |       |       |       |       |   113 |    16 ||   129
       Chain mail        |       |       |       |       |     2 |       ||     2
Dodge: Dodged            |   111 |   171 |   195 |   615 |   882 |   159 ||  2133
Block: Buckler           |       |       |    22 |   116 |   159 |    44 ||   341
       Other             |       |       |       |       |    11 |    17 ||    28
       Reflection        |       |       |       |       |     5 |    12 ||    17

Table legend: (Time is in decaauts)
 A = Elapsed time spent in this place.
 B = Non-inter-level travel time spent in this place.
 C = Inter-level travel time spent in this place.
 D = Time resting spent in this place.
 E = Time spent auto-exploring this place.
 F = Levels seen in this place.
 G = Mean time per level.
                   A        B        C        D        E       F      G
               +--------+--------+--------+--------+--------+-----+--------+
         Total |  38523 |  36154 |   2369 |   6222 |  19209 |  28 | 1375.8 |
       Dungeon |  18497 |  16886 |   1611 |   2183 |   9551 |  15 | 1233.1 |
          Lair |  10820 |  10311 |    509 |   2531 |   5183 |   5 | 2164.0 |
     Snake Pit |   5391 |   5280 |    111 |    727 |   2979 |   4 | 1347.8 |
  Orcish Mines |   2892 |   2755 |    137 |    505 |   1334 |   2 | 1446.0 |
        Bazaar |    107 |    107 |      0 |      0 |     42 |   1 |  107.0 |
       Ossuary |    814 |    814 |      0 |    276 |    119 |   1 |  814.0 |
               +--------+--------+--------+--------+--------+-----+--------+

Top non-repeatable levels by time:
  Lair:5: 3042 daAuts
     D:8: 2704 daAuts
  Lair:4: 2581 daAuts
 Snake:2: 1940 daAuts
  Lair:1: 1800 daAuts
     D:9: 1794 daAuts
  Lair:3: 1755 daAuts
  Lair:2: 1641 daAuts
 Snake:3: 1631 daAuts
   Orc:1: 1554 daAuts
    D:13: 1501 daAuts
    D:12: 1497 daAuts
   Orc:2: 1338 daAuts
     D:6: 1270 daAuts
 Snake:1: 1263 daAuts
